 Dungeon Crawl Stone Soup version 0.25-a0-940-gc6eaff51cc (webtiles) character file.

Game seed: 16063029769676015734, levelgen mode: deterministic

2496 kae the Frost Mage (level 9, -13/75 HPs)
             Began as a Merfolk Ice Elementalist on May 5, 2020.
             Was a Believer of Okawaru.
             Killed from afar by Maggie (34 damage)
             ... with a bolt of fire
             ... on level 7 of the Dungeon.
             The game lasted 00:08:42 (10258 turns).

kae the Frost Mage (Merfolk Ice Elementalist)      Turns: 10258, Time: 00:08:43

Health: -13/75     AC:  4    Str:  9    XL:     9   Next: 52%
Magic:  7/16       EV: 12    Int: 17    God:    Okawaru [**....]
Gold:   249        SH:  0    Dex: 14    Spells: 14/18 levels left

rFire    . . .     SeeInvis .   m - +0 trident
rCold    . . .     Gourm    .   (no shield)
rNeg     + . .     Faith    .   p - +1 leather armour
rPois    .         Spirit   .   (no helmet)
rElec    .         Reflect  .   (no cloak)
rCorr    .         Harm     .   (no gloves)
MR       .....                  (no boots)
Stlth    +++.......             (no amulet)
HPRegen  0.22/turn              r - ring of positive energy
MPRegen  0.15/turn              t - ring of stealth

@: no status effects
A: change form in water, swift swim, stealthy swim
a: Heroism, Renounce Religion


You were on level 7 of the Dungeon.
You worshipped Okawaru.
Okawaru was pleased with you.
You were not hungry.

You visited 2 branches of the dungeon, and saw 8 of its levels.

You collected 249 gold pieces.

Inventory:

Hand Weapons
 d - a +0 short sword
 m - a +0 trident (weapon)
Armour
 p - a +1 leather armour (worn)
Jewellery
 i - an uncursed amulet of faith
 o - an uncursed ring of positive energy
 r - a ring of positive energy (left hand)
 t - a ring of stealth (right hand)
Scrolls
 a - a scroll of enchant armour
 e - 2 scrolls of immolation
 g - a scroll of amnesia
 n - a scroll of teleportation
 s - 3 scrolls of remove curse
Potions
 b - a potion of invisibility
 f - 2 potions of stabbing
 h - a potion of resistance
 j - 2 potions of cancellation {unknown}
 k - a potion of ambrosia {unknown}
 l - 2 potions of flight
 q - 2 potions of curing
Comestibles
 c - 4 rations


   Skills:
 + Level 8.7 Fighting
 - Level 2.6 Dodging
 - Level 2.1 Stealth
 - Level 5.1 Spellcasting
 - Level 10.0 Ice Magic


You had 14 spell levels left.
You knew the following spells:

 Your Spells              Type           Power        Failure   Level  Hunger
a - Freeze                Ice            ####         1%          1    None
b - Frozen Ramparts       Ice            #####.       1%          3    ###....

Your spell library contained the following spells:

 Spells                   Type           Power        Failure   Level  Hunger
 Ozocubu's Armour         Chrm/Ice       ###.....     8%          3    ###....
 Hailstorm                Conj/Ice       ###.....     26%         4    ####...
 Summon Ice Beast         Ice/Summ       ###.....     26%         4    ####...


Dungeon Overview and Level Annotations

Branches:
Dungeon (7/15)             Temple (1/1) D:5

Altars:
Ashenzari
Cheibriados
Dithmenos
Fedhas
Gozag
Hepliaklqana
Kikubaaqudgha
Makhleb
Nemelex Xobeh
Okawaru
Qazlal
Ru
Sif Muna
Trog
Uskayaw
Vehumet
Wu Jian
Xom
Yredelemnul
Zin
The Shining One

Shops:
D:4 :   D:6 (

Annotations:
D:2 1 runed translucent door, Crazy Yiuf
D:5 exclusion: two-headed ogre
D:7 Maggie


Message History

Press: ? - help, Shift-Dir - straight line, f/p - Maggie
Aim: Maggie, wielding a +2 morningstar of distortion and wearing +0 swamp dragon scales (almost dead, mesmerising)
You freeze Maggie.
Maggie is almost dead.
The frozen ramparts melt away.
Maggie hits you with a +2 morningstar of distortion!
* * * LOW HITPOINT WARNING * * *
You blink.
Casting: Freeze (safe; 1% risk of failure)
Confirm with . or Enter, or press ? or * to list all spells.
You can't see any susceptible monsters within range! (Use Z to cast anyway.)
Casting: Freeze (safe; 1% risk of failure)
Confirm with . or Enter, or press ? or * to list all spells.
You can't see any susceptible monsters within range! (Use Z to cast anyway.)
You are no longer entranced.
Maggie mumbles some strange words.
Maggie attempts to bespell you! You resist.
Maggie gestures at you while chanting. The bolt of fire hits you!!
You die...

##### #...# +...+
#...#### +......
##...##### ##
#?...@...# #.
#.######@# #.
####.#...##.# #.
#. .%...#.@....#
#. #.
####...#.####.###.
#. #.
..............#...
#.###.
###....##.#......#
#..... #.... #.#
###..####....
#....
#.#.##......'....


You could see Maggie.

Vanquished Creatures
  Harold (D:7)
  2 water moccasins
  A black bear (D:6)
  An ogre (D:6)
  A centaur (D:5)
  A crocodile (D:7)
  3 bullfrogs
  A howler monkey (D:5)
  4 electric eels (D:6)
  2 crimson imps (D:6)
  7 orc wizards
  A jelly (D:7)
  A centaur skeleton (D:6)
  Jessica (D:2)
  An iguana (D:6)
  Natasha (thrice) (D:3)
  7 worker ants
  A hound skeleton (D:6)
  5 adders
  9 gnolls
  An ooze (D:3)
  An adder zombie (D:6)
  An adder skeleton (D:7)
  2 worms (D:3)
  3 dart slugs
  2 leopard geckos
  13 orcs
  10 bats
  8 giant cockroaches
  14 goblins
  5 hobgoblins
  9 jackals
  9 kobolds
  2 quokkas
  A ball python (D:1)
  7 frilled lizards
  7 rats
148 creatures vanquished.

Notes
Turn   | Place    | Note
-------+----------+-------------------------------------------
     0 | D:1      | kae the Merfolk Ice Elementalist began the quest for the
                  | Orb.
     0 | D:1      | Reached XP level 1. HP: 13/13 MP: 3/3
   243 | D:1      | Reached XP level 2. HP: 19/19 MP: 3/5
   604 | D:1      | Reached skill level 5 in Ice Magic
   792 | D:1      | Reached XP level 3. HP: 23/24 MP: 4/6
   971 | D:1      | Found a sparkling altar of Nemelex Xobeh.
  1689 | D:2      | Noticed Jessica
  1696 | D:2      | Killed Jessica
  1696 | D:2      | Reached XP level 4. HP: 17/30 MP: 1/8
  2095 | D:2      | Found a runed translucent door.
  2096 | D:2      | Noticed Crazy Yiuf
  2463 | D:3      | Reached skill level 6 in Ice Magic
  2782 | D:3      | Reached XP level 5. HP: 24/35 MP: 5/9
  3093 | D:2      | Learned a level 3 spell: Frozen Ramparts
  3619 | D:3      | Reached XP level 6. HP: 37/41 MP: 5/11
  3622 | D:3      | Reached skill level 7 in Ice Magic
  3798 | D:3      | Noticed Natasha
  3802 | D:3      | Killed Natasha
  4358 | D:3      | Noticed Natasha
  4365 | D:3      | Killed Natasha
  4478 | D:3      | Noticed Natasha
  4488 | D:3      | Killed Natasha
  5094 | D:4      | Noticed a two-headed ogre
  5716 | D:4      | Found Curaaneavi's Book Shoppe.
  5735 | D:4      | Reached XP level 7. HP: 44/46 MP: 10/13
  6302 | D:5      | Entered Level 5 of the Dungeon
  6302 | D:5      | Noticed a two-headed ogre
  6355 | D:5      | Reached skill level 8 in Ice Magic
  6934 | D:5      | Found a staircase to the Ecumenical Temple.
  6943 | Temple   | Entered the Ecumenical Temple
  7053 | Temple   | Became a worshipper of Warmaster Okawaru
  7387 | D:6      | Reached skill level 9 in Ice Magic
  7387 | D:6      | Reached XP level 8. HP: 15/52 MP: 3/15
  7434 | D:6      | Reached skill level 5 in Spellcasting
  7798 | D:6      | Reached * piety under Okawaru
  7878 | D:6      | Reached skill level 10 in Ice Magic
  7882 | D:6      | Reached skill level 1 in Fighting
  7890 | D:6      | HP: 2/54 [electric eel/bolt of electricity (14)]
  8297 | D:6      | Found Maacuywn's Weapon Shop.
  9323 | D:7      | Reached skill level 5 in Fighting
  9536 | D:7      | Reached XP level 9. HP: 60/69 MP: 8/16
  9849 | D:7      | Noticed Harold
  9876 | D:7      | Killed Harold
  9876 | D:7      | Reached ** piety under Okawaru
 10235 | D:7      | Noticed Maggie
 10258 | D:7      | Killed from afar by Maggie

Levels and vault maps discovered:
D:1:      doesnt_arrival_eight_statues, layout_basic, minmay_misc_feat_plants,
          minmay_crystal_water, nemelex_diamond_rough_becter
D:2:      layout_rooms, minmay_misc_feat_ornament, uniq_jessica,
          uniq_crazy_yiuf_cottage
D:3:      kennysheep_the_goblin_king, layout_loops_ring, uniq_natasha
D:4:      layout_gridville, first_ration, serial_shops, nicolae_shop_statue_plus
D:5:      layout_rooms, lemuel_temple_firewalk_b
D:6:      layout_cave_pools, serial_shops, kennysheep_mini, serial_bayou,
          serial_bayou_shore_b, serial_bayou_shore_b, serial_bayou_lake_a,
          serial_bayou_crossing, serial_bayou_shore_b
D:7:      layout_basic, serial_shops, shop_statue,
          nicolae_gozag_cash_rules_everything_around_me, uniq_menkaure,
          uniq_harold, uniq_maggie
Temple:   kilobyte_greek_temple

Skill      XL: |  1  2  3  4  5  6  7  8  9 |
---------------+----------------------------+-----
Ice Magic      | 5 6 7 9 10 | 10.0
Spellcasting   | 3 4 5 |  5.1
Fighting       | 5 8 |  8.7
Dodging        | |  2.6
Stealth        | |  2.1

Action                   |  1- 3 |  4- 6 |  7- 9 || total
-------------------------+-------+-------+-------++-------
Melee: Unarmed           |     6 |       |       ||     6
       Short sword       |    33 |       |       ||    33
       Trident           |     1 |    97 |    92 ||   190
       Tailslap          |       |       |     4 ||     4
 Cast: Freeze            |    39 |    83 |   112 ||   234
       Frozen Ramparts   |       |     1 |     8 ||     9
  Use: Scroll            |       |     8 |     6 ||    14
       Potion            |       |       |     3 ||     3
 Stab: Sleeping          |     1 |    10 |     5 ||    16
  Eat: Chunk             |     3 |     9 |    12 ||    24
       Ration            |       |     1 |     1 ||     2
Armor: Robe              |    11 |     7 |       ||    18
       Leather armour    |       |    17 |    29 ||    46
Dodge: Dodged            |    37 |    90 |   109 ||   236

Table legend:
 A = Non-vault XP
 B = Vault XP
 C = Vault XP percentage of total XP
 D = Non-vault monster count
 E = Vault monster count
 F = Vault count percentage of total count
                 A         B        C        D         E       F
            +---------+---------+-------+---------+---------+-------
      Total |    2490 |    1077 |  30.2 |     138 |      10 |   6.8
            +---------+---------+-------+---------+---------+-------
        D:1 |      45 |       0 |   0.0 |      26 |       0 |   0.0
        D:2 |      40 |      37 |  48.1 |      16 |       1 |   5.9
        D:3 |     333 |      48 |  12.6 |      39 |       8 |  17.0
        D:4 |     160 |       0 |   0.0 |      10 |       0 |   0.0
        D:5 |     228 |       0 |   0.0 |       6 |       0 |   0.0
        D:6 |    1177 |       0 |   0.0 |      29 |       0 |   0.0
        D:7 |     507 |     992 |  66.2 |      12 |       1 |   7.7
            +---------+---------+-------+---------+---------+-------
